 Dungeon Crawl Stone Soup version 0.25-a0-435-g4b9beb1024 (webtiles) character file.

Game seed: 12436761150057426679, levelgen mode: deterministic

2158 Elellon the Thaumaturge (level 9, -3/45 HPs)
             Began as a Deep Elf Conjurer on Jan 26, 2020.
             Shot with an arrow by a centaur (12 damage)
             ... on level 6 of the Dungeon.
             The game lasted 00:13:31 (8843 turns).

Elellon the Thaumaturge (Deep Elf Conjurer)         Turns: 8843, Time: 00:13:31

Health: -3/45      AC:  8    Str:  7    XL:     9   Next: 10%
Magic:  21/26      EV: 13    Int: 22    God:
Gold:   307        SH:  0    Dex: 15    Spells: 23/30 levels left

rFire    + . .     SeeInvis .   i - +0 dagger
rCold    x . .     Gourm    .   (no shield)
rNeg     . . .     Faith    .   f - +2 robe
rPois    .         Spirit   .   a - +2 hat
rElec    .         Reflect  .   r - +0 cloak
rCorr    .         Harm     .   (no gloves)
MR       .....                  g - +0 pair of boots
Stlth    ++........             (no amulet)
HPRegen  0.15/turn              t - ring of wizardry
MPRegen  0.20/turn              x - ring of fire

@: no status effects
A: no striking features
a: no special abilities


You were on level 6 of the Dungeon.
You were not hungry.

You visited 1 branch of the dungeon, and saw 6 of its levels.

You collected 349 gold pieces.
You spent 42 gold pieces at shops.

Inventory:

Hand Weapons
 i - a +0 dagger (weapon)
Missiles
 e - 22 poisoned darts (quivered)
Armour
 a - a +2 hat (worn)
 f - a +2 robe (worn)
 g - a +0 pair of boots (worn)
 r - a +0 cloak (worn)
 z - a +2 helmet
Jewellery
 t - a ring of wizardry (left hand)
 x - a ring of fire (right hand)
Wands
 y - a wand of paralysis (8)
Scrolls
 b - 2 scrolls of amnesia
 k - a scroll of teleportation {unknown}
 m - a scroll of random uselessness {unknown}
 s - a scroll of torment {unknown}
 u - a scroll of magic mapping {unknown}
 v - a scroll of silence {unknown}
 w - a scroll of enchant weapon {unknown}
Potions
 d - a potion of lignification {unknown}
 h - 3 potions of agility {unknown}
 j - 4 potions of curing
 n - 2 potions of heal wounds {unknown}
 o - 3 potions of magic {unknown}
 p - 2 potions of brilliance {unknown}
 q - 2 potions of flight
Comestibles
 c - 8 rations


   Skills:
 - Level 2.4 Dodging
 - Level 2.4 Stealth
 + Level 11.3 Spellcasting
 + Level 10.3 Conjurations


You had 23 spell levels left.
You knew the following spells:

 Your Spells              Type           Power        Failure   Level  Hunger
a - Magic Dart            Conj           ####         1%          1    None
b - Searing Ray           Conj           ######       1%          2    None
c - Iskenderun's Mystic   Conj/Tloc      #####...     2%          4    #......

Your spell library contained the following spells:

 Spells                   Type           Power        Failure   Level  Hunger
 Dazzling Flash           Conj/Hex       #####.       1%          3    None
 Fulminant Prism          Conj/Hex       #####.....   2%          4    #......


Dungeon Overview and Level Annotations

Branches:
Dungeon (6/15)
 Temple: D:4-7

Altars:
Gozag
Qazlal

Shops:
D:4 [   D:5 (   D:6 *

Annotations:
D:3 3 runed translucent doors, myronisch's ghost, amateur HuNe


Message History

The centaur shoots an arrow.
The arrow hits you! The bullfrog hits you!
The searing ray hits the bullfrog!
You kill the bullfrog!
The centaur shoots an arrow.
The arrow hits you!
* * * LOW HITPOINT WARNING * * *
The centaur shoots an arrow.
The arrow barely misses you.
You start resting.
The centaur is too close now for your liking.
Casting: Searing Ray (safe; 1% risk of failure)
Confirm with . or Enter, or press ? or * to list all spells.
Aiming: Searing Ray (safe; 1% risk of failure)
Press: ? - help, Shift-Dir - straight line, f - centaur
Aim: a centaur, wielding a +0 shortbow and quivering 10 arrows The searing ray hits the centaur!
The centaur is severely wounded. (Press . to maintain the ray.)
The centaur shoots an arrow.
The arrow hits you.
* * * LOW HITPOINT WARNING * * *
The centaur shoots an arrow.
The arrow hits you!
You die...

.### #......##.# ## .#
#...#####.# .. .#
#...#####.# ##. .#
#.[.......# .. .#
#...####### .# #.# .#
#.(.# ##.####†#%....
.######)..###....c(......#
(................##.#..#.#
................@# .# #
.................# >.
#####.#...#.###### ##.
#.#...#.# .. #.#...#.# c#
#.#...#.# $# #.#...#.#
####.......# #........##..


You could see a centaur.

Vanquished Creatures
  Pikel (D:4)
  Grinder (D:6)
  Sigmund (D:4)
  Menkaure (D:4)
  4 ogres (D:5)
  A centaur (D:5)
  A big kobold (D:4)
  A bullfrog (D:6)
  Blork the orc (D:4)
  A crimson imp (D:6)
  A bullfrog zombie (D:5)
  2 hounds
  3 orc wizards (D:5)
  Jessica (D:3)
  2 iguanas (D:6)
  Terence (D:3)
  2 worker ants
  Robin (D:2)
  9 adders
  2 shadow imps
  An ooze (D:3)
  4 worms
  4 dart slugs
  6 leopard geckos
  14 orcs
  3 ball pythons
  5 giant cockroaches
  12 goblins
  7 hobgoblins
  3 jackals (D:2)
  11 kobolds
  5 quokkas
  5 bats
  6 frilled lizards
  A leopard gecko skeleton (D:4)
  2 leopard gecko zombies
  6 rats
132 creatures vanquished.

Vanquished Creatures (others)
  An adder skeleton (D:4)
1 creature vanquished.

Grand Total: 133 creatures vanquished

Notes
Turn   | Place    | Note
-------+----------+-------------------------------------------
     0 | D:1      | Elellon the Deep Elf Conjurer began the quest for the Orb.
     0 | D:1      | Reached XP level 1. HP: 10/10 MP: 6/6
    83 | D:1      | Reached XP level 2. HP: 15/15 MP: 1/8
   942 | D:2      | Reached skill level 4 in Spellcasting
   948 | D:2      | Reached skill level 5 in Conjurations
   948 | D:2      | Reached XP level 3. HP: 11/19 MP: 2/10
  1015 | D:1      | Learned a level 2 spell: Searing Ray
  1755 | D:2      | Reached XP level 4. HP: 24/24 MP: 10/12
  1898 | D:2      | Noticed Robin
  1900 | D:2      | Reached skill level 5 in Spellcasting
  2240 | D:2      | Killed Robin
  2494 | D:2      | Learned a level 4 spell: Iskenderun's Mystic Blast
  2689 | D:3      | Reached XP level 5. HP: 28/28 MP: 4/14
  2773 | D:3      | Found a stormy altar of Qazlal.
  3459 | D:3      | Found a runed translucent gate.
  3461 | D:3      | Found a runed translucent gate.
  3461 | D:3      | Found a runed translucent gate.
  3463 | D:3      | Noticed myronisch's ghost (amateur HuNe)
  3575 | D:3      | Noticed Terence
  3582 | D:3      | Killed Terence
  3675 | D:3      | Noticed Jessica
  3680 | D:3      | Killed Jessica
  3680 | D:3      | Reached skill level 6 in Spellcasting
  4145 | D:4      | Noticed Blork the orc
  4151 | D:4      | Killed Blork the orc
  4151 | D:4      | Reached XP level 6. HP: 32/32 MP: 12/17
  4781 | D:4      | Noticed Pikel
  4781 | D:4      | Noticed a slave
  4793 | D:4      | Noticed a slave
  4795 | D:4      | Killed Pikel
  4795 | D:4      | Reached skill level 8 in Spellcasting
  4795 | D:4      | Reached XP level 7. HP: 16/36 MP: 7/21
  5091 | D:4      | Noticed Menkaure
  5096 | D:4      | Killed Menkaure
  5096 | D:4      | Reached skill level 9 in Spellcasting
  5248 | D:4      | Found Zipot's Antique Armour Emporium.
  5464 | D:4      | Noticed Sigmund
  5499 | D:4      | Killed Sigmund
  5499 | D:4      | Reached XP level 8. HP: 13/41 MP: 19/23
  6214 | D:5      | Entered Level 5 of the Dungeon
  6228 | D:5      | Found Vuavuopn's Antique Weapon Shop.
  6468 | D:5      | Found an opulent altar of Gozag.
  6732 | D:5      | Reached skill level 10 in Spellcasting
  8132 | D:6      | Found Uqigro Qufra's General Store.
  8140 | D:6      | Bought a potion of curing for 42 gold pieces
  8290 | D:6      | Noticed Grinder
  8296 | D:6      | Paralysed by Grinder for 3 turns
  8302 | D:6      | Killed Grinder
  8302 | D:6      | Reached skill level 11 in Spellcasting
  8302 | D:6      | Reached skill level 10 in Conjurations
  8302 | D:6      | Reached XP level 9. HP: 17/45 MP: 15/26
  8843 | D:6      | Shot with an arrow by a centaur

Levels and vault maps discovered:
D:1:      matt_arrival_grand_opening, layout_rooms
D:2:      layout_rooms, uniq_robin
D:3:      layout_rooms, first_ration, gammafunk_ghost_necromancy,
          nicolae_qazlal_general_emergency, uniq_jessica, uniq_terence
D:4:      layout_basic, serial_shops, kennysheep_mini_moat, uniq_blork_the_orc,
          uniq_pikel, uniq_menkaure, uniq_sigmund
D:5:      layout_basic, serial_shops, nicolae_shop_competitors_out_of_business,
          basic_altar
D:6:      layout_loops_cross, serial_shops, shop, nicolae_shop_statue_plus,
          shop, shop, shop, uniq_grinder

Skill      XL: |  1  2  3  4  5  6  7  8 |
---------------+-------------------------+-----
Spellcasting   | 4 5 6 8 9 11 | 11.3
Conjurations   | 5 6 8 10 | 10.3
Dodging        | |  2.4
Stealth        | |  2.4

Action                   |  1- 3 |  4- 6 |  7- 9 || total
-------------------------+-------+-------+-------++-------
 Cast: Magic Dart        |    61 |   110 |    95 ||   266
       Searing Ray       |     2 |    14 |    18 ||    34
       Iskenderun's Myst |       |       |     2 ||     2
  Use: Scroll            |       |     6 |     2 ||     8
  Eat: Chunk             |     2 |     9 |     6 ||    17
       Ration            |       |       |     2 ||     2
Armor: Robe              |     1 |     5 |    13 ||    19
Dodge: Dodged            |     6 |    23 |    14 ||    43

Table legend:
 A = Non-vault XP
 B = Vault XP
 C = Vault XP percentage of total XP
 D = Non-vault monster count
 E = Vault monster count
 F = Vault count percentage of total count
                 A         B        C        D         E       F
            +---------+---------+-------+---------+---------+-------
      Total |    1556 |    1528 |  49.5 |     113 |      19 |  14.4
            +---------+---------+-------+---------+---------+-------
        D:1 |      31 |       2 |   6.1 |      18 |       1 |   5.3
        D:2 |     112 |      34 |  23.3 |      30 |      11 |  26.8
        D:3 |      96 |      73 |  43.2 |      27 |       2 |   6.9
        D:4 |     163 |    1142 |  87.5 |       8 |       4 |  33.3
        D:5 |     879 |       0 |   0.0 |      21 |       0 |   0.0
        D:6 |     275 |     277 |  50.2 |       9 |       1 |  10.0
            +---------+---------+-------+---------+---------+-------
